 Dungeon Crawl Stone Soup version 0.31-a0-925-g0a390f2509 (webtiles) character file.

Game seed: 14176775550315712979

62 p00ps00p the Trooper (level 4, -8/40 HPs)
             Began as a Hill Orc Fighter on Oct 19, 2023.
             Killed by nerve-wracking pain
             ... invoked by Grinder
              (11 damage)
             ... on level 2 of the Dungeon.
             The game lasted 00:02:33 (1352 turns).

p00ps00p the Trooper (Hill Orc Fighter)             Turns: 1352, Time: 00:02:34

Health: -8/40      AC:  7    Str: 18    XL:     4   Next: 8%
Magic:  4/4        EV:  9    Int:  8    God:
Gold:   99         SH:  5    Dex: 12    Spells: 3/3 levels left

rFire   . . .        a - +0 war axe
rCold   . . .        c - +0 buckler
rNeg    . . .        b - +0 scale mail
rPois   .            (no helmet)
rElec   .            (no cloak)
rCorr   .            (no gloves)
SInv    .            (no boots)
Will    .....        i - amulet of magic regeneration Stlth
                     j - +4 ring of slaying
HPRegen 0.26/turn    (no ring)
MPRegen 0.49/turn

%: no passive effects
@: mighty
A: no striking features
a: no special abilities


You were on level 2 of the Dungeon.
You visited 1 branch of the dungeon, and saw 3 of its levels.

You collected 99 gold pieces.

Inventory:

Hand Weapons
 a - a +0 war axe (weapon)
 f - a +1 spear of pain
Armour
 b - a +0 scale mail (worn)
 c - a +0 buckler (worn)
Jewellery
 i - an amulet of magic regeneration (around neck)
 j - a +4 ring of slaying (left hand)
Scrolls
 e - a scroll of amnesia
 h - 2 scrolls of immolation
Potions
 d - 2 potions of might


   Skills:
 + Level 4.2 Fighting
 + Level 3.6 Axes
 + Level 3.9 Armour
 + Level 3.8 Shields


You had 3 spell levels left.
You didn't know any spells.
Your spell library was empty.

Dungeon Overview and Level Annotations

Branches:
Dungeon (3/15)

Altars:
Dithmenos

Annotations:
D:2 Grinder


Message History

You block the slug dart. Grinder hits you.
You writhe in agony.
You climb upwards.
There is a stone staircase leading down here.
You completely miss Grinder. Grinder hits you but does no damage.
Unknown command.
You closely miss Grinder. Grinder hits you but does no damage.
Unknown command.
You slash Grinder!
Grinder is moderately wounded.
Grinder hits you!
You writhe in agony.
Grinder hits you.
You writhe in agony.
Unknown command.
You are too injured to fight recklessly!
Unknown command.
You are too injured to fight recklessly!
Unknown command.
You are too injured to fight recklessly!
You barely miss Grinder.
Grinder is moderately wounded.
Grinder hits you but does no damage.
You slash Grinder!
Grinder is heavily wounded.
Grinder hits you but does no damage.
You barely miss Grinder.
Grinder is heavily wounded.
You block Grinder's attack. Grinder closely misses you.
You slash Grinder!
Grinder is severely wounded.
Grinder hits you.
* * * LOW HITPOINT WARNING * * *
You hit Grinder.
Grinder is severely wounded.
Grinder hits you.
* * * LOW HITPOINT WARNING * * *
You writhe in agony.
* * * LOW HITPOINT WARNING * * *
You feel very mighty all of a sudden. Grinder gestures at you.
Pain shoots through your body!
You die...
Grinder says, "Now the real fun starts!"

######....###.##_##.##
#........##8^..#.#..^8
#..###.#.#######.#####
#......#.#######.###.#
#..###................
#....#.#.#######.###.#
#..#.#.#.# #........<.
#..#(#.#.#######.###.#
#...5@................
##.#+#.#.........###.#
#....................
##....#########.###..
#....# #............
#....# #............
#....# #............
#....# #............
#....# #............


You could see Grinder.

Vanquished Creatures
  A gnoll (D:1)
  2 adders (D:2)
  2 dart slugs
  3 bats (D:2)
  3 endoplasms
  2 goblins
  A hobgoblin (D:1)
  3 quokkas
  4 ball pythons
  3 frilled lizards
  4 kobolds
  4 rats
32 creatures vanquished.

Notes
Turn   | Place    | Note
-------+----------+-------------------------------------------
     0 | D:1      | p00ps00p the Hill Orc Fighter began the quest for the Orb.
     0 | D:1      | Reached XP level 1. HP: 19/19 MP: 1/1
   119 | D:1      | Reached XP level 2. HP: 11/27 MP: 2/2
   256 | D:1      | Reached skill level 4 in Fighting
   528 | D:1      | Reached XP level 3. HP: 33/33 MP: 3/3
   918 | D:2      | Found a faded altar of an unknown god.
   952 | D:2      | Found a shadowy altar of Dithmenos.
  1026 | D:2      | Identified the +2 leather armour "Jiworeudao" {-Cast
                  | Rampage rPois rC+++ Dex-4}
  1202 | D:2      | Reached XP level 4. HP: 40/40 MP: 4/4
  1336 | D:3      | Noticed Grinder
  1352 | D:2      | Killed from afar by Grinder

Illustrated notes

Levels and vault maps discovered:
D:1:      mainiacjoe_arrival_reflecting_pool, layout_basic,
          corexii_corridor_pit, minivault_24
D:2:      layout_basic, shapermc_ecumenical_altar_mp_highgroup, basic_altar,
          minmay_pentomino_v2
D:3:      layout_basic, fedhas_altar_4, uniq_grinder

Skill      XL: |  1  2 |
---------------+-------+-----
Axes           | 3 |  3.6
Fighting       | 4 |  4.2
Armour         | |  3.9
Shields        | |  3.8

Action                     |  1- 3 |  4- 6 || total
---------------------------+-------+-------++-------
  Melee: War axe           |    95 |    11 ||   106
    Use: Scroll            |     3 |     1 ||     4
         Potion            |       |     1 ||     1
 Armour: Scale mail        |    58 |    12 ||    70
  Dodge: Dodged            |    58 |     3 ||    61
  Block: Buckler           |    17 |     2 ||    19

Table legend: (Time is in decaauts)
 A = Elapsed time spent in this place.
 B = Non-inter-level travel time spent in this place.
 C = Inter-level travel time spent in this place.
 D = Time resting spent in this place.
 E = Time spent auto-exploring this place.
 F = Levels seen in this place.
 G = Mean time per level.
                   A        B        C        D        E       F      G
               +--------+--------+--------+--------+--------+-----+--------+
         Total |   1390 |   1341 |     49 |      0 |   1062 |   3 |  463.3 |
       Dungeon |   1390 |   1341 |     49 |      0 |   1062 |   3 |  463.3 |
               +--------+--------+--------+--------+--------+-----+--------+

Top non-repeatable levels by time:
     D:2: 756 daAuts
     D:1: 627 daAuts
     D:3: 6 daAuts
